 Dungeon Crawl Stone Soup version 0.25-a0-200-g5ba96148f3 (console) character file.

Game seed: 15959818254609264891, levelgen mode: deterministic

130 Kagalorn the Bolt Thrower (level 4, -12/38 HPs)
             Began as a Minotaur Hunter on Dec 2, 2019.
             Was an Initiate of Gozag.
             Killed by divine providence
             ... invoked by an orc priest
              (14 damage)
             ... on level 4 of the Dungeon.
             The game lasted 00:06:38 (3534 turns).

Kagalorn the Bolt Thrower (Minotaur Hunter)         Turns: 3534, Time: 00:06:39

Health: -12/38     AC:  5    Str: 17    XL:     4   Next: 89%
Magic:  3/3        EV: 11    Int:  8    God:    Gozag
Gold:   446        SH:  0    Dex: 11    Spells: 3/3 levels left

rFire    . . .     SeeInvis .   a - +1 hand crossbow
rCold    . . .     Gourm    .   (no shield)
rNeg     . . .     Faith    .   l - +0 ring mail
rPois    .         Spirit   .   (helmet restricted)
rElec    .         Reflect  .   (no cloak)
rCorr    .         Harm     .   (no gloves)
MR       .....                  (no boots)
Stlth    +.........             (no amulet)
HPRegen  0.12/turn              (no ring)
MPRegen  0.08/turn              (no ring)

@: gold aura
A: retaliatory headbutt, horns 2
a: Potion Petition, Call Merchant, Bribe Branch, Renounce Religion


You were on level 4 of the Dungeon.
You worshipped Gozag.
Gozag was aware of your devotion.
You were not hungry.

You visited 1 branch of the dungeon, and saw 4 of its levels.

You collected 483 gold pieces.
You paid 37 gold pieces to Gozag.

Inventory:

Hand Weapons
 a - a +1 hand crossbow (weapon)
 b - a +0 short sword
Missiles
 d - 12 bolts (quivered)
Armour
 l - a +0 ring mail (worn)
Jewellery
 i - an uncursed ring of see invisible {unknown}
 p - an uncursed ring of magical power {unknown}
 q - a cursed ring of attention {unknown}
Scrolls
 g - a scroll of fog {unknown}
 h - 4 scrolls of identify {unknown}
 k - 3 scrolls of remove curse {unknown}
 m - a scroll of noise {unknown}
 n - a scroll of random uselessness {unknown}
Potions
 c - 3 potions of heal wounds {unknown}
 e - a potion of haste {unknown}
 j - a potion of resistance {unknown}
 o - a potion of ambrosia {unknown}
Comestibles
 f - 6 rations


   Skills:
 + Level 3.2 Fighting
 * Level 6.6 Crossbows
 - Level 2.1 Dodging
 - Level 0.7 Stealth


You had 3 spell levels left.
You didn't know any spells.
Your spell library contained the following spells:

 Spells                   Type           Power        Failure   Level  Hunger
 Magic Dart               Conj           #...         63%         1    ##.....
 Searing Ray              Conj           #.....       77%         2    ###....
 Dazzling Spray           Conj/Hex       #.....       94%         3    ####...
 Force Lance              Conj/Tloc      #.......     100%        4    #####..
 Fulminant Prism          Conj/Hex       #.........   100%        4    #####..
 Iskenderun's Mystic Bla  Conj           #.......     100%        4    #####..


Dungeon Overview and Level Annotations

Branches:
Dungeon (4/15)
 Temple: D:4-7

Altars:
Gozag
Beogh


Innate Abilities, Weirdness & Mutations

You reflexively headbutt those who attack you in melee.
You have a pair of horns on your head.


Message History

You shoot a bolt. The bolt barely misses the orc priest.
The orc priest invokes the aid of Beogh against you.
Beogh smites you!
* * * LOW HITPOINT WARNING * * *
The orc priest calls down the wrath of Beogh upon you.
Beogh smites you!
* * * LOW HITPOINT WARNING * * *
Firing (i - inventory)
d - 14 bolts (quivered)
Press: ? - help, Shift-Dir - straight line, f/p - orc priest
Aim: an orc priest, wielding a +0 flail (severely wounded)
You shoot a bolt. The bolt barely misses the orc priest.
Firing (i - inventory)
d - 13 bolts (quivered)
Press: ? - help, Shift-Dir - straight line, f/p - orc priest
Aim: an orc priest, wielding a +0 flail (severely wounded)
You shoot a bolt. The bolt hits the orc priest.
The orc priest is almost dead.
The orc priest mumbles some strange prayers to Beogh against you.
Beogh smites you!
You die...
Your body crumbles into a pile of gold.

###..##.####.######
#..o....# #.#
#.#.##### ... #.#o#
#...# #.#.# #...#
#.#.# #...#
#...#######...##
##..##......>../
#(.$((o@.......
#.###.......... #.
######...## .. ..#
..# .# .. .. ..# .


You could see an orc priest.

Vanquished Creatures
  4 adders
  5 worms
  4 dart slugs
  3 leopard geckos
  An orc (D:4)
  A ball python (D:2)
  6 bats
  7 giant cockroaches
  7 goblins
  5 hobgoblins
  8 kobolds
  2 quokkas (D:2)
  8 frilled lizards
  12 rats
73 creatures vanquished.

Notes
Turn   | Place    | Note
-------+----------+-------------------------------------------
     0 | D:1      | Kagalorn the Minotaur Hunter began the quest for the Orb.
     0 | D:1      | Reached XP level 1. HP: 18/18 MP: 0/0
   617 | D:1      | Reached XP level 2. HP: 25/25 MP: 1/1
   672 | D:1      | Reached skill level 5 in Crossbows
  1169 | D:2      | Found an opulent altar of Gozag.
  1185 | D:2      | Reached XP level 3. HP: 28/30 MP: 2/2
  1192 | D:2      | Became a worshipper of Gozag Ym Sagoz the Greedy
  2048 | D:2      | Reached skill level 6 in Crossbows
  2048 | D:2      | Reached XP level 4. HP: 34/37 MP: 3/3
  3509 | D:4      | Found a roughly hewn altar of Beogh.
  3532 | D:4      | HP: 1/38 [orc priest/divine providence (9)]
  3534 | D:4      | Killed from afar by an orc priest

Levels and vault maps discovered:
D:1:      roderic_lyre, layout_basic, minmay_misc_feat_chi,
          kennysheep_another_room, minmay_hedge_maze, kennysheep_pointless_box,
          minmay_misc_feat_encased
D:2:      wad_river_or_something, layout_loops_ring,
          nicolae_gozag_cash_rules_everything_around_me, first_ration
D:3:      layout_loops_cross
D:4:      layout_loops_cross, nicolae_ossuary_entry_giza,
          minmay_splitting_lines, kennysheep_orc_chapel, uniq_menkaure,
          uniq_natasha, uniq_grinder, uniq_crazy_yiuf_cottage

Skill      XL: |  1  2  3  4 |
---------------+-------------+-----
Crossbows      | 5 6 |  6.6
Fighting       | 3 |  3.2
Dodging        | |  2.1
Stealth        | |  0.7

Action                   |  1- 3 |  4- 6 || total
-------------------------+-------+-------++-------
Melee: Short sword       |   147 |    79 ||   226
       Headbutt          |    18 |    18 ||    36
 Fire: Hand crossbow     |       |     8 ||     8
 Stab: Sleeping          |     1 |       ||     1
  Eat: Chunk             |     2 |       ||     2
       Ration            |       |     2 ||     2
Armor: Leather armour    |    16 |       ||    16
       Ring mail         |    14 |    21 ||    35
Dodge: Dodged            |    83 |    37 ||   120

Table legend:
 A = Non-vault XP
 B = Vault XP
 C = Vault XP percentage of total XP
 D = Non-vault monster count
 E = Vault monster count
 F = Vault count percentage of total count
                 A         B        C        D         E       F
            +---------+---------+-------+---------+---------+-------
      Total |     147 |      39 |  21.0 |      63 |      10 |  13.7
            +---------+---------+-------+---------+---------+-------
        D:1 |      38 |       0 |   0.0 |      24 |       0 |   0.0
        D:2 |      46 |      36 |  43.9 |      18 |       9 |  33.3
        D:3 |      63 |       0 |   0.0 |      21 |       0 |   0.0
        D:4 |       0 |       3 | 100.0 |       0 |       1 | 100.0
            +---------+---------+-------+---------+---------+-------
